[Event "Late-Titled-Tuesday-Blitz-September-19-2023"]
[Site "Chess.com"]
[Date "2023.09.19"]
[Round "1"]
[White "Veleamater"]
[Black "aNaartjieZA"]
[Result "0-1"]
[WhiteElo "2310"]
[BlackElo "2592"]
[TimeControl "180+1"]
[EndTime "14:05:17 PDT"]
[Termination "aNaartjieZA won by resignation"]

1. g3 Nf6 2. Bg2 g6 3. d3 Bg7 4. e4 d6 5. Nc3 O-O 6. f4 e5 7. Nf3 Nc6 8. O-O Nh5 9. f5 Nf6 10. Nh4 Nd4 11. Bg5 c6 12. g4 h6 13. Bxf6 Qxf6 14. Nf3 Nxf3+ 15. Qxf3 b5 16. Ne2 Bd7 17. Rae1 a5 18. Qg3 Qd8 19. h4 Bf6 20. h5 Bh4 21. Qh3 Bxe1 22. hxg6 Bd2 23. g7 Kxg7 24. f6+ Kh7 25.
Ng3 Rg8 26. Nf5 Qxf6 27. Kf2 Bf4 28. Rh1 Bxf5 29. exf5 d5 0-1

[Event "Late-Titled-Tuesday-Blitz-September-19-2023"]
[Site "Chess.com"]
[Date "2023.09.19"]
[Round "1"]
[White "infinitegiantkiller"]
[Black "Arystanner"]
[Result "1/2-1/2"]
[WhiteElo "2463"]
[BlackElo "2784"]
[TimeControl "180+1"]
[EndTime "14:05:18 PDT"]
[Termination "Game drawn by repetition"]

1. Nf3 d5 2. g3 b6 3. Bg2 Bb7 4. O-O Nd7 5. b3 e6 6. Bb2 Ngf6 7. d4 Be7 8. Nbd2 O-O 9. c4 dxc4 10. Nxc4 c5 11.
Rc1 Rc8 12. dxc5 Nxc5 13. Qxd8 Rfxd8 14. Rfd1 h6 15. Nfe5 Bxg2 16. Kxg2 Rxd1 17. Rxd1 Nd5 18. Nd3 Nxd3 19. Rxd3 b5 20. Ne5 Rc2 21. Bd4 Rxe2 22.
Nc6 Rxa2 23. Nxa7 b4 24. Nc6 Bf6 25. Bxf6 gxf6 26. Rd4 f5 27. Nxb4 Nxb4 28. Rxb4 Rb2 29. Rb8+ Kg7 30. b4 Kf6 31. b5 f4 32. b6 Kf5 33. b7 Ke4 34. gxf4 Kxf4 35. Rh8 Rxb7 36. Rxh6 f5 37. Rxe6 Rg7+ 38. Kf1 Rh7 39. Kg1 Rg7+ 40. Kf1 Rh7 41. Kg2 Rg7+ 42. Kf1 1/2-1/2

[Event "Late-Titled-Tuesday-Blitz-September-19-2023"]
[Site "Chess.com"]
[Date "2023.09.19"]
[Round "1"]
[White "FairChess_on_YouTube"]
[Black "Ykow"]
[Result "1-0"]
[WhiteElo "3070"]
[BlackElo "2503"]
[TimeControl "180+1"]
[EndTime "14:05:20 PDT"]
[Termination "FairChess_on_YouTube won by resignation"]

1. c4 e6 2. Nf3 d5 3. cxd5 exd5 4. g3 Bf5 5. Bg2 c6 6. O-O Nf6 7. Nc3 Be7 8. d3 Bg6 9. Nh4 Nbd7 10. e4 dxe4 11.
dxe4 O-O 12. Qc2 Re8 13. Rd1 Qa5 14. Nxg6 hxg6 15. h3 Rad8 16. a3 Qh5 17. Bf4 Nc5 18. b4 Ne6 19. Be3 a6 20. f4 a5 21. e5 Nd7 22. b5 Nb8 23. bxc6 Nxc6 24. Nd5 Bf8 25. Kh2 Rc8 26. Qf2 Qh7 27. Rab1 Ncd8 28. a4 Rc4 29. Qe2 Rxa4 30. Qb5 1-0

[Event "Late-Titled-Tuesday-Blitz-September-19-2023"]
[Site "Chess.com"]
[Date "2023.09.19"]
[Round "1"]
[White "KejJaj"]
[Black "FrankDux44"]
[Result "0-1"]
[WhiteElo "2212"]
[BlackElo "2541"]
[TimeControl "180+1"]
[EndTime "14:05:20 PDT"]
[Termination "FrankDux44 won by resignation"]

1. d4 d6 2. Bf4 Nf6 3. Nc3 Bf5 4. Nf3 h6 5. h3 e6 6. e3 Be7 7. Bd3 Bxd3 8. Qxd3 c6 9. O-O d5 10. Ne5 Nbd7 11. Rfe1 O-O 12. a4 a6 13. a5 c5 14. b3 Rc8 15. Na4 Nxe5 16. Bxe5 Nd7 17.
Bg3 Re8 18. dxc5 Nxc5 19. Nxc5 Bxc5 20. Red1 Qf6 21. Rac1 Bb4 22. c4 dxc4 23. Rxc4 Bxa5 24. Rxc8 Rxc8 25. Qd7 Rd8 26. Qxd8+ Bxd8 0-1

[Event "Late-Titled-Tuesday-Blitz-September-19-2023"]
[Site "Chess.com"]
[Date "2023.09.19"]
[Round "1"]
[White "UK_23"]
[Black "rookoco"]
[Result "0-1"]
[WhiteElo "2421"]
[BlackElo "2720"]
[TimeControl "180+1"]
[EndTime "14:05:22 PDT"]
[Termination "rookoco won by resignation"]

1. e4 c5 2. Nf3 d6 3. d4 cxd4 4. Qxd4 Nf6 5. Be2 Nc6 6. Qe3 Bg4 7. O-O Qb6 8. Qxb6 axb6 9. Nc3 g6 10. Be3 Nd7 11. h3 Bxf3 12. Bxf3 Bg7 13. Nd5 Rc8 14.
c3 Nce5 15. Be2 Nc4 16. Bxc4 Rxc4 17. f3 b5 18. Rac1 e6 19. Nb4 Ke7 20. Rfd1 Rhc8 21. Kf2 h6 22. Ke2 f5 23. exf5 gxf5 24. g4 fxg4 25.
hxg4 d5 26. Rh1 Kf7 27. Bxh6 Bxh6 28. Rxh6 Rxb4 29. Rh7+ Ke8 30. Rch1 Rxb2+ 31. Ke3 Rxc3+ 32. Kd4 Rc4+ 33. Kd3 Rxa2 0-1

[Event "Late-Titled-Tuesday-Blitz-September-19-2023"]
[Site "Chess.com"]
[Date "2023.09.19"]
[Round "1"]
[White "SandwichOSaumon"]
[Black "Mariia89"]
[Result "1-0"]
[WhiteElo "2513"]
[BlackElo "2031"]
[TimeControl "180+1"]
[EndTime "14:05:23 PDT"]
[Termination "SandwichOSaumon won by resignation"]

1. e4 c6 2. Nc3 d5 3. Nf3 dxe4 4.
Nxe4 Nf6 5. Nxf6+ exf6 6. Bc4 Be7 7. d4 Bg4 8. c3 Nd7 9. h3 Bh5 10. Bf4 Nb6 11. Be2 Nd5 12. Bh2 O-O 13. O-O Re8 14. Re1 Bd6 15. Qb3 Bxh2+ 16. Kxh2 Qc7+ 17. Kg1 Nf4 18. Bd1 Rxe1+ 19. Nxe1 Re8 20. Bxh5 Nxh5 21.
Nf3 Nf4 22. Re1 Rxe1+ 23. Nxe1 h5 24. Qd1 Qe7 25. Kf1 g5 26. g3 Nxh3 27. Qxh5 Qe6 28. Ng2 g4 29. Ne3 Ng5 30. Qxg4 Qxa2 31. f4 Qb1+ 32. Nd1 Qc2 33. fxg5 Qd3+ 34. Qe2 Qxg3 35. gxf6 Qf4+ 36. Qf2 Kf8 37. Qxf4 1-0

[Event "Late-Titled-Tuesday-Blitz-September-19-2023"]
[Site "Chess.com"]
[Date "2023.09.19"]
[Round "1"]
[White "AyMitecK"]
[Black "dorpato"]
[Result "1-0"]
[WhiteElo "2511"]
[BlackElo "2005"]
[TimeControl "180+1"]
[EndTime "14:05:27 PDT"]
[Termination "AyMitecK won by resignation"]

1. e4 c5 2. Nf3 d6 3. Bb5+ Bd7 4. Bxd7+ Qxd7 5. O-O Nc6 6. Re1 Nf6 7. c3 e5 8. d4 cxd4 9. cxd4 Be7 10. Nc3 O-O 11. d5 Nb8 12. Be3 Na6 13. Rc1 b6 14. Nd2 Nc5 15.
f3 Ne8 16. Qe2 g6 17. b4 Nb7 18. Qa6 Ng7 19. Nb5 Rfc8 20. Nb3 f5 21. Rxc8+ Qxc8 22. Rc1 Qe8 23. Nc7 Qb8 24. Nxa8 Qxa8 25. Rc7 fxe4 26. fxe4 Qf8 27. Qxb7 Bh4 28. g3 Bd8 29.
Rd7 Nh5 30. Qc8 Nf6 31. Rxd8 1-0

[Event "Late-Titled-Tuesday-Blitz-September-19-2023"]
[Site "Chess.com"]
[Date "2023.09.19"]
[Round "1"]
[White "hurricane7791"]
[Black "Quattroporte300"]
[Result "1-0"]
[WhiteElo "2712"]
[BlackElo "2427"]
[TimeControl "180+1"]
[EndTime "14:05:28 PDT"]
[Termination "hurricane7791 won by resignation"]

1. d4 d5 2. c4 dxc4 3. e3 Nf6 4. Bxc4 e6 5. Nf3 c5 6. O-O a6 7.
Bb3 Nc6 8. Nc3 Be7 9. Qe2 O-O 10. Rd1 Qc7 11. a3 b5 12. d5 exd5 13. Nxd5 Nxd5 14.
Bxd5 Bg4 15. h3 Bh5 16. g4 Bg6 17. e4 Rad8 18. Be3 Rfe8 19. Rac1 c4 20. h4 Bf8 21.
Ng5 h6 22. h5 hxg5 23. hxg6 Ne5 24. gxf7+ Nxf7 25. Qf3 g6 26. Bb6 Qe7 27. Bxd8 Rxd8 28. Qxf7+ Qxf7 29. Bxf7+ Kxf7 30. Rxd8 1-0

[Event "Late-Titled-Tuesday-Blitz-September-19-2023"]
[Site "Chess.com"]
[Date "2023.09.19"]
[Round "1"]
[White "Nekoo04"]
[Black "Thjop"]
[Result "1-0"]
[WhiteElo "2345"]
[BlackElo "2599"]
[TimeControl "180+1"]
[EndTime "14:05:28 PDT"]
[Termination "Nekoo04 won on time"]

1. d4 Nf6 2. c4 g6 3. Nc3 Bg7 4. e4 d6 5. Nf3 O-O 6. Be2 e5 7. d5 a5 8. Bg5 h6 9. Bh4 Na6 10.
Nd2 h5 11. O-O Bh6 12. f3 Be3+ 13. Kh1 Kg7 14. a3 Bd7 15. Qc2 1-0

[Event "Late-Titled-Tuesday-Blitz-September-19-2023"]
[Site "Chess.com"]
[Date "2023.09.19"]
[Round "1"]
[White "mishanick"]
[Black "JG-17"]
[Result "1-0"]
[WhiteElo "3118"]
[BlackElo "2508"]
[TimeControl "180+1"]
[EndTime "14:05:32 PDT"]
[Termination "mishanick won by resignation"]

1. d4 d5 2. c4 e6 3. Nc3 Nf6 4.
cxd5 exd5 5. Bg5 c6 6. e3 Be6 7. Bd3 Nbd7 8. Nge2 h6 9. Bh4 g5 10. Bg3 Nh5 11. Qb3 Qb6 12. Qc2 Nxg3 13. Nxg3 h5 14. Nf5 h4 15. h3 O-O-O 16. a3 Qa5 17. O-O Qc7 18. Rfc1 Bxf5 19. Bxf5 Bd6 20. Nxd5 Qa5 21.
Nc3 Kb8 22. b4 Qc7 23. b5 c5 24. Nd5 Qa5 25. Bxd7 Rxd7 26. Qf5 Rhd8 27. dxc5 Bh2+ 28. Kxh2 Rxd5 29. Qxf7 Qxb5 30. c6 Rc8 31. Rab1 Rf5 32. Qxb7+ Qxb7 33. Rxb7+ Ka8 34. Rb2 Rf6 35. c7 Rf7 36. Rbc2 Kb7 37. f3 a5 38. e4 a4 39.
Rb1+ Ka6 40. Rc4 Ka5 41. Rc5+ Ka6 42. Rc6+ Ka5 43. Rcb6 1-0

[Event "Late-Titled-Tuesday-Blitz-September-19-2023"]
[Site "Chess.com"]
[Date "2023.09.19"]
[Round "1"]
[White "dianosky"]
[Black "Sina_Movahed"]
[Result "0-1"]
[WhiteElo "2498"]
[BlackElo "2980"]
[TimeControl "180+1"]
[EndTime "14:05:32 PDT"]
[Termination "Sina_Movahed won by resignation"]

1. d4 Nf6 2. c4 g6 3. Nc3 Bg7 4. e4 O-O 5. f3 d6 6. Be3 Nc6 7.
Qd2 a6 8. Nge2 Na5 9. b3 b5 10. cxb5 axb5 11. Rc1 c6 12. Ng3 h5 13. Bh6 h4 14. Bxg7 Kxg7 15. Nge2 Qb6 16. Qg5 Rh8 17. e5 Ng8 18. Ne4 Rh5 19. Qf4 dxe5 20. dxe5 Be6 21. g4 hxg3 22. N4xg3 Rh8 23. h4 c5 24. h5 Nc6 25. Rg1 Rxa2 26. hxg6 fxg6 27. Nf5+ Bxf5 28. Qxf5 Nd4 29. Nxd4 cxd4 30. b4 d3 31. Rg2 Qe3+ 32.
Kd1 Rxg2 33. Bxg2 gxf5 0-1

[Event "Late-Titled-Tuesday-Blitz-September-19-2023"]
[Site "Chess.com"]
[Date "2023.09.19"]
[Round "1"]
[White "filipluczak05"]
[Black "K_A_S_T_O_R"]
[Result "0-1"]
[WhiteElo "2489"]
[BlackElo "2930"]
[TimeControl "180+1"]
[EndTime "14:05:32 PDT"]
[Termination "K_A_S_T_O_R won by resignation"]

1. Nf3 Nf6 2. e3 g6 3. d4 Bg7 4. Be2 O-O 5. O-O d6 6. Nc3 Nbd7 7. e4 e5 8. dxe5 dxe5 9. Re1 b6 10. h3 Bb7 11.
Bc4 a6 12. a4 c6 13. Bg5 b5 14. Bb3 Qc7 15. Qe2 h6 16. Bh4 Nc5 17. Bg3 Nh5 18. Bh2 Nxb3 19. cxb3 Qe7 20. Red1 Rad8 21. Qe3 Nf4 22. Nxe5 Nxg2 23. Kxg2 Bxe5 24. Bxe5 Qxe5 25.
Qxh6 b4 26. Rxd8 Rxd8 27. Qh4 g5 28. Qg3 Qxg3+ 29. fxg3 Rd2+ 30. Kf3 bxc3 31. bxc3 Rd3+ 32. Kg4 Bc8+ 33. Kxg5 Rxg3+ 34. Kf6 Rxc3 35. Rd1 Be6 36.
Rg1+ Kh7 37. Rg7+ Kh6 38. Rg3 Rxg3 0-1

[Event "Late-Titled-Tuesday-Blitz-September-19-2023"]
[Site "Chess.com"]
[Date "2023.09.19"]
[Round "1"]
[White "WindWhistler11"]
[Black "sergoy"]
[Result "0-1"]
[WhiteElo "2488"]
[BlackElo "2904"]
[TimeControl "180+1"]
[EndTime "14:05:33 PDT"]
[Termination "sergoy won by resignation"]

1. Nf3 d5 2. c4 d4 3. e3 Nc6 4. b4 dxe3 5. fxe3 Nxb4 6. Qa4+ Nc6 7. d4 e6 8. Nc3 Nf6 9. Be2 Bb4 10. Bd2 O-O 11.
O-O Bd7 12. Qb3 Rb8 13. a3 Ba5 14. Bd3 a6 15. Kh1 b5 16. c5 Qe7 17. e4 e5 18. Nd5 Nxd5 19. exd5 Nxd4 20. Nxd4 Bxd2 21.
Nf3 Bf4 22. Rae1 Qxc5 23. g3 Bh6 24. Nxe5 Bh3 25. Rxf7 Rxf7 26. d6 Qf2 27. Qxf7+ Qxf7 28. Nxf7 Kxf7 29. dxc7 Rc8 30. Be4 Rxc7 0-1

[Event "Late-Titled-Tuesday-Blitz-September-19-2023"]
[Site "Chess.com"]
[Date "2023.09.19"]
[Round "1"]
[White "Andrej2004"]
[Black "MikeSailer"]
[Result "1-0"]
[WhiteElo "2536"]
[BlackElo "2190"]
[TimeControl "180+1"]
[EndTime "14:05:33 PDT"]
[Termination "Andrej2004 won by checkmate"]

1. c4 c6 2. g3 d5 3. cxd5 cxd5 4. Bg2 Nf6 5. b3 Nc6 6. Bb2 Bf5 7. d3 e6 8. Nf3 Be7 9. O-O O-O 10. Nbd2 h6 11.
Re1 Bh7 12. e4 dxe4 13. dxe4 Qa5 14. Nc4 Qh5 15. e5 Rfd8 16. Qe2 Nd5 17. h3 Bb4 18. Red1 Bc3 19. Rac1 Bxb2 20. Qxb2 Ndb4 21. Qc3 Rxd1+ 22. Rxd1 Nd5 23. Qe1 Ncb4 24. a3 Nd3 25. Qe2 Nc5 26. b4 Ne4 27. Qe1 Rc8 28. Nd6 Rc2 29. Nxe4 Bxe4 30.
Qxe4 Nc3 31. Rd8# 1-0

[Event "Late-Titled-Tuesday-Blitz-September-19-2023"]
[Site "Chess.com"]
[Date "2023.09.19"]
[Round "1"]
[White "Cambek64"]
[Black "VitaliyBernadskiy"]
[Result "0-1"]
[WhiteElo "2471"]
[BlackElo "2846"]
[TimeControl "180+1"]
[EndTime "14:05:41 PDT"]
[Termination "VitaliyBernadskiy won by resignation"]

1. e4 c5 2. Nf3 d6 3. c3 Nf6 4.
Bd3 g6 5. Bc2 Bg7 6. h3 O-O 7.
O-O Nc6 8. d4 cxd4 9. cxd4 e5 10. d5 Nb4 11. Bb3 a5 12. Nc3 Bd7 13. a4 Na6 14. Be3 b6 15. Bc4 Nc5 16. Bxc5 bxc5 17. Nd2 Nh5 18. Bb5 Bc8 19. Bc6 Rb8 20. Nc4 Rb4 21. b3 Nf4 22. Kh2 Qh4 23. Qf3 Rxb3 24. Rab1 Rxb1 25. Rxb1 f5 26. Qg3 Qf6 27. Rb8 Ba6 28.
Rxf8+ Bxf8 29. Nb5 fxe4 30. Nbxd6 Bxd6 31. Nxd6 Qxd6 32. Qc3 Nxd5 33. Bxd5+ Qxd5 34. Qxa5 Bb7 35. Qc7 e3 36. f3 e2 37. Qb8+ Kg7 38. Qc7+ Kf6 39.
Qxh7 e1=Q 40. Qh8+ Ke7 41. Qg7+ Qf7 0-1

[Event "Late-Titled-Tuesday-Blitz-September-19-2023"]
[Site "Chess.com"]
[Date "2023.09.19"]
[Round "1"]
[White "Haykoooo0o"]
[Black "GadimbayliA"]
[Result "0-1"]
[WhiteElo "2466"]
[BlackElo "2827"]
[TimeControl "180+1"]
[EndTime "14:05:45 PDT"]
[Termination "GadimbayliA won by resignation"]

1. d4 d5 2. Nf3 Nc6 3. Bf4 Nf6 4. e3 Bg4 5. Nbd2 e6 6. h3 Bh5 7. c4 Bd6 8. Bxd6 cxd6 9. cxd5 Nxd5 10. a3 O-O 11.
Be2 Rc8 12. O-O Re8 13. Rc1 Bg6 14. Qa4 a6 15. Qb3 b5 16. Nb1 Qd7 17. Qd1 Na5 18.
Nbd2 Rxc1 19. Qxc1 Rc8 20. Qa1 Qc7 21. b4 Nc3 22.
Re1 Nxe2+ 23. Rxe2 Nc4 24. Nxc4 Qxc4 25. Re1 h6 26.
Qb2 Kf8 27. Ra1 Ke7 28. d5 e5 29. Nxe5 dxe5 30. Qxe5+ Kd7 31. Qxg7 Qc3 32. Qxc3 Rxc3 33. a4 bxa4 34. Rxa4 Bd3 35. Ra1 Rb3 36. Rd1 Kd6 37.
f3 Kxd5 38. Kf2 Kc4 39. e4 Kxb4 40. Rc1 a5 41. Ke3 a4 42. Kd4 a3 43. Rc7 a2 44.
Ra7 Ra3 0-1

[Event "Late-Titled-Tuesday-Blitz-September-19-2023"]
[Site "Chess.com"]
[Date "2023.09.19"]
[Round "1"]
[White "DanielTitichoca"]
[Black "ferrufino64"]
[Result "1-0"]
[WhiteElo "2539"]
[BlackElo "2201"]
[TimeControl "180+1"]
[EndTime "14:05:48 PDT"]
[Termination "DanielTitichoca won on time"]

1. Nf3 Nf6 2. g3 c5 3. Bg2 g6 4.
O-O Bg7 5. c4 Nc6 6. Nc3 O-O 7.
d4 cxd4 8. Nxd4 Nxd4 9. Qxd4 d6 10. Qh4 Bd7 11. Rd1 Qc7 12. Bf4 Rac8 13. Rac1 Rfd8 14.
c5 Bc6 15. cxd6 exd6 16. Bxc6 bxc6 17. Bg5 Nh5 18. Bxd8 Rxd8 19. Nd5 Qd7 20. Ne7+ Kf8 21. Nxc6 Rc8 22. Nb4 Bf6 23. Qe4 Re8 24. Qf3 Qe6 25. Nd5 Bd8 26. e3 Nf6 27. b4 Ne4 28. a4 h5 29. Nf4 Qf5 30. Rd5 Re5 31. Rcd1 Be7 32.
Qg2 Nc3 33. Rxd6 Bxd6 34. Rxd6 Kg7 35. h4 1-0

[Event "Late-Titled-Tuesday-Blitz-September-19-2023"]
[Site "Chess.com"]
[Date "2023.09.19"]
[Round "1"]
[White "AlexPapasimakopoulos"]
[Black "ATM622"]
[Result "1-0"]
[WhiteElo "2755"]
[BlackElo "2445"]
[TimeControl "180+1"]
[EndTime "14:05:49 PDT"]
[Termination "AlexPapasimakopoulos won by resignation"]

1. d4 Nf6 2. Nf3 e6 3. Bf4 d5 4. e3 Bd6 5. Bg3 Ne4 6. Nbd2 f5 7. Bxd6 Qxd6 8. Bd3 O-O 9. O-O c5 10. c3 Bd7 11.
Ne5 c4 12. Bc2 Nxd2 13. Qxd2 Nc6 14. Nxd7 Qxd7 15. f3 Qd6 16. e4 fxe4 17. fxe4 dxe4 18. Bxe4 e5 19. Qe2 exd4 20. Qxc4+ Kh8 21. Bxc6 bxc6 22.
Qxd4 Qxd4+ 23. cxd4 Rfd8 24. Rf4 g5 25. Re4 Kg7 26.
Rc1 Rd6 27. Kf2 Rb8 28. b3 Kf6 29. Ke3 a5 30. Rc4 Rb5 31. Re5 Rxe5+ 32. dxe5+ Kxe5 33. Rc5+ Rd5 34. Rxc6 h5 35. g3 Kf5 36. h3 Re5+ 37.
Kf3 Rd5 38. g4+ hxg4+ 39. hxg4+ Ke5 40. Ke3 Rd1 41. Rc5+ Rd5 42. Rxd5+ Kxd5 43. a3 Ke5 44. b4 a4 45. Kd3 Kd5 46. Kc3 Kd6 47. Kc4 Kc6 48.
b5+ Kd6 49. Kb4 1-0

[Event "Late-Titled-Tuesday-Blitz-September-19-2023"]
[Site "Chess.com"]
[Date "2023.09.19"]
[Round "1"]
[White "PapaieDudu"]
[Black "Ramosha"]
[Result "0-1"]
[WhiteElo "2369"]
[BlackElo "2648"]
[TimeControl "180+1"]
[EndTime "14:05:49 PDT"]
[Termination "Ramosha won by resignation"]

1. e4 c5 2. Nf3 Nc6 3. d4 cxd4 4. c3 dxc3 5. Nxc3 d6 6. Bc4 Nf6 7. Qe2 Bg4 8. h3 Bxf3 9. Qxf3 e6 10. Bb3 Be7 11. Be3 O-O 12. Rd1 Rc8 13. O-O Qa5 14. Qe2 Rfd8 15. f4 d5 16. e5 Ne4 17. Nxe4 dxe4 18.
f5 Qxe5 19. fxe6 f5 20. Rd7 Kf8 21. Rd5 Rxd5 22. Qh5 Nd8 23. Bxd5 Bf6 24. Rxf5 Qxb2 25. Qxh7 Rc2 26. Bc5+ Rxc5 27. Qg8+ Ke7 28. Bxe4 Rc1+ 29. Kh2 Be5+ 30. Rxe5 Qxe5+ 0-1

[Event "Late-Titled-Tuesday-Blitz-September-19-2023"]
[Site "Chess.com"]
[Date "2023.09.19"]
[Round "1"]
[White "SaqoChess_Twitch"]
[Black "pirulillo"]
[Result "1-0"]
[WhiteElo "2673"]
[BlackElo "2381"]
[TimeControl "180+1"]
[EndTime "14:05:50 PDT"]
[Termination "SaqoChess_Twitch won by resignation"]

1. d4 Nf6 2. c4 g6 3. Nc3 Bg7 4. Nf3 O-O 5. Bg5 c5 6. d5 d6 7. e4 b5 8. cxb5 a6 9. bxa6 Bxa6 10.
Bxa6 Rxa6 11. O-O Nbd7 12. Re1 h6 13. Bd2 Qa8 14. Qc2 Rb8 15. g3 Ng4 16. Rab1 Nge5 17.
Nxe5 Nxe5 18. Kg2 Nc4 19. Bf4 Nb6 20. b3 Nd7 21. a4 Ne5 22. Nb5 Qb7 23. Na3 Qb4 24.
Bxe5 Bxe5 25. Nc4 Bg7 26. h4 h5 27. f4 Bd4 28. Kh3 Kg7 29. e5 Qb7 30. Qe4 dxe5 31.
fxe5 e6 32. d6 Qxe4 33. Rxe4 Rb4 34. Na3 Ra8 35. Nb5 Rb8 36. Nxd4 cxd4 37. a5 Kg8 38. a6 Ra8 39. Ra1 Rxb3 40. Rxd4 Rb6 41. d7 Rd8 42. a7 1-0

[Event "Late-Titled-Tuesday-Blitz-September-19-2023"]
[Site "Chess.com"]
[Date "2023.09.19"]
[Round "1"]
[White "Zeck_CH"]
[Black "AradNazari"]
[Result "0-1"]
[WhiteElo "2468"]
[BlackElo "2835"]
[TimeControl "180+1"]
[EndTime "14:05:51 PDT"]
[Termination "AradNazari won by resignation"]

1. d4 Nf6 2. c4 g6 3. Nc3 d5 4. Nf3 Bg7 5. Bg5 Ne4 6. cxd5 Nxg5 7. Nxg5 e6 8. Nf3 exd5 9. e3 O-O 10. b4 c6 11. h3 Nd7 12. Rb1 b5 13. a4 a6 14. Bd3 Nb6 15. O-O Qd6 16. e4 dxe4 17.
Nxe4 Qd5 18. a5 Na4 19. Qb3 Be6 20. Qxd5 Bxd5 21. Rfc1 Rad8 22. Ne5 Bxe4 23. Bxe4 Rxd4 24. Nxg6 hxg6 25. Bxc6 Rd6 26. Bf3 Rfd8 27. Rc7 Nc3 28. Rc1 Nd5 29. Ra7 Nxb4 30. Rcc7 Rf8 31. g3 Bd4 32.
Rab7 Nd3 33. Rd7 Rxd7 34. Rxd7 Ne5 0-1

[Event "Late-Titled-Tuesday-Blitz-September-19-2023"]
[Site "Chess.com"]
[Date "2023.09.19"]
[Round "1"]
[White "Abund"]
[Black "stasOR4ik"]
[Result "1-0"]
[WhiteElo "2766"]
[BlackElo "2449"]
[TimeControl "180+1"]
[EndTime "14:05:52 PDT"]
[Termination "Abund won on time"]

1. e4 c6 2. d4 d5 3. exd5 cxd5 4. Bd3 Nf6 5. h3 Nc6 6. c3 g6 7. Nf3 Bf5 8. O-O Bxd3 9. Qxd3 Bg7 10. Bf4 O-O 11.
Nbd2 a6 12. Rfe1 b5 13. Nb3 Nd7 14. Nc5 Nxc5 15. dxc5 Re8 16. Ne5 Qc7 17. Qxd5 Nxe5 18. Bxe5 Rad8 19. Qxf7+ Kxf7 20. Bxc7 Rd2 21. Rab1 Rc8 22.
Bb6 Rc6 23. Kf1 Ke8 24. Re2 Rxe2 25. Kxe2 Bh6 26. Rd1 Re6+ 27. Kf1 Re4 28. c6 Rc4 29. c7 Kf7 30. Rd8 1-0

[Event "Late-Titled-Tuesday-Blitz-September-19-2023"]
[Site "Chess.com"]
[Date "2023.09.19"]
[Round "1"]
[White "victormago"]
[Black "nitpicker"]
[Result "1-0"]
[WhiteElo "2550"]
[BlackElo "2236"]
[TimeControl "180+1"]
[EndTime "14:05:54 PDT"]
[Termination "victormago won on time"]

1. d4 Nf6 2. c4 e6 3. Nc3 Bb4 4. Qc2 c5 5. dxc5 Bxc5 6. Nf3 Qb6 7. e3 Qc7 8. Be2 a6 9. O-O Be7 10. b3 d6 11. Bb2 O-O 12. Rac1 b6 13. Qb1 Bb7 14.
Rfd1 Nbd7 15. h3 Rac8 16. Rd2 Qb8 17. Rcd1 Rfe8 18. Ng5 g6 19. Nge4 Qa8 20. Bf3 Nc5 21. Nxf6+ Bxf6 22. Bxb7 Nxb7 23. Ne4 Bxb2 24. Qxb2 Red8 25.
Nf6+ Kf8 26. Nxh7+ Kg8 27. Nf6+ Kf8 28. Ne4 Nc5 29.
Qh8+ Ke7 30. Qf6+ Kf8 31. Nxd6 Rc7 32. Nf5 1-0

[Event "Late-Titled-Tuesday-Blitz-September-19-2023"]
[Site "Chess.com"]
[Date "2023.09.19"]
[Round "1"]
[White "OYAcosta"]
[Black "Deeper44"]
[Result "0-1"]
[WhiteElo "2168"]
[BlackElo "2524"]
[TimeControl "180+1"]
[EndTime "14:05:57 PDT"]
[Termination "Deeper44 won by resignation"]

1. d4 Nf6 2. Bf4 b6 3. e3 Bb7 4.
Nf3 d6 5. Nbd2 g6 6. h3 Bg7 7.
Bh2 O-O 8. Be2 Nbd7 9. O-O Ne4 10. Nxe4 Bxe4 11. Nd2 Bb7 12. c3 e5 13. Bf3 Qc8 14. Re1 Re8 15. a4 a6 16. Nc4 f5 17. dxe5 Nxe5 18.
Bxe5 dxe5 19. e4 Rd8 20. Qe2 f4 21. Rad1 Qe6 22. Bg4 Qf7 23. Na3 h5 24. Bf3 Bf8 25. Nc2 Qb3 26. a5 b5 27. Na1 Qa2 28. b4 Qxe2 29.
Bxe2 Bxe4 30. Rxd8 Rxd8 31. Bxb5 axb5 32. Rxe4 Rd1+ 33.
Kh2 Rxa1 0-1

[Event "Late-Titled-Tuesday-Blitz-September-19-2023"]
[Site "Chess.com"]
[Date "2023.09.19"]
[Round "1"]
[White "Druid24"]
[Black "egnfanclub"]
[Result "0-1"]
[WhiteElo "2605"]
[BlackElo "2359"]
[TimeControl "180+1"]
[EndTime "14:06:00 PDT"]
[Termination "egnfanclub won by resignation"]

1. c4 c5 2. Nc3 Nf6 3. g3 d5 4. cxd5 Nxd5 5. Bg2 Nc7 6. d3 Nc6 7. Bxc6+ bxc6 8. Be3 e5 9. Nf3 f6 10. Rc1 Nd5 11. Bd2 Rb8 12. b3 Bh3 13. Ne4 Qb6 14. Qc2 Nb4 15. Bxb4 Qxb4+ 16. Qd2 Bg2 17. Rg1 Bxf3 18.
exf3 Qxd2+ 19. Kxd2 Rb5 20. g4 h5 21. h3 hxg4 22. hxg4 Rh2 23. Ke2 a5 24. Rh1 Rxh1 25. Rxh1 a4 26. Nc3 Rb4 27. Nxa4 Kf7 28. Rc1 Rb5 29.
Rc4 Ke6 30. f4 exf4 31. Rxf4 Bd6 32. Re4+ Kf7 33. f4 Rb4 34. Kf3 g6 35. Nb2 f5 36.
gxf5 gxf5 37. Rc4 Ke6 38. Nd1 Be7 39. Nc3 Bd6 40. Na4 Kd5 41. Nb2 Rxc4 42. Nxc4 Bc7 43. a4 Kd4 44. Ne5 Kc3 45. Nxc6 Kxb3 46. a5 Kc3 47. a6 Bb6 48. Ke3 c4+ 49. d4 Kb3 50. a7 Bxa7 51. Nxa7 c3 52. Nc6 c2 53. Na5+ Kc3 0-1

[Event "Late-Titled-Tuesday-Blitz-September-19-2023"]
[Site "Chess.com"]
[Date "2023.09.19"]
[Round "1"]
[White "Bauman_Guy"]
[Black "Langua_Chess"]
[Result "1-0"]
[WhiteElo "2893"]
[BlackElo "2485"]
[TimeControl "180+1"]
[EndTime "14:06:02 PDT"]
[Termination "Bauman_Guy won by resignation"]

1. e4 e6 2. d4 d5 3. Nc3 dxe4 4. Nxe4 Nf6 5. Nxf6+ gxf6 6. Nf3 c5 7. g3 Nc6 8.
Be3 cxd4 9. Nxd4 Nxd4 10. Qxd4 Qxd4 11. Bxd4 Be7 12. Bg2 O-O 13. O-O-O e5 14. Be3 Bg4 15. Rd2 a5 16. Bxb7 Rab8 17. Bd5 a4 18. f3 Bf5 19. g4 Bg6 20. h4 h5 21. gxh5 Bxh5 22. Rg1+ Kh7 23.
Be4+ Bg6 24. Bxg6+ fxg6 25. Rd7 Rf7 26. Ra7 a3 27. b3 Rc8 28. c4 f5 29. Kc2 Rg7 30. h5 g5 31. Bxg5 Bxg5 32. Rxg7+ Kxg7 33. Rxg5+ Kf6 34. Rg6+ Kf7 35. Ra6 Rh8 36. h6 Rg8 37. h7 Rg2+ 38. Kd3 Rh2 39. Ra8 1-0

[Event "Late-Titled-Tuesday-Blitz-September-19-2023"]
[Site "Chess.com"]
[Date "2023.09.19"]
[Round "1"]
[White "TatjanaVasilevich"]
[Black "WilliamAlfaroCaracas"]
[Result "1-0"]
[WhiteElo "2578"]
[BlackElo "2287"]
[TimeControl "180+1"]
[EndTime "14:06:02 PDT"]
[Termination "TatjanaVasilevich won on time"]

1. e4 e5 2. Nf3 Nc6 3. Bb5 f5 4. d3 fxe4 5. dxe4 Nf6 6. O-O Bc5 7. Qd3 d6 8. Qc4 Qe7 9. b4 Be6 10. Qc3 Nxe4 11. Qe1 Bxf2+ 12. Rxf2 Nxf2 13. Qxf2 O-O 14. Bxc6 bxc6 15. Nc3 d5 16. Qc5 Qxc5+ 17. bxc5 d4 18. Ne2 Bg4 19. Kf2 e4 20. Nxd4 exf3 21. gxf3 h5 22. Bb2 Rab8 23. Bc3 Rf4 24. Ke3 Rbf8 25. fxg4 hxg4 26. Rg1 g5 27. Nxc6 Re8+ 28. Kd2 Rf2+ 29. Kc1 Ree2 30. Nd4 Re4 31. h3 gxh3 32. Rxg5+ Kf8 33.
Rh5 h2 34. Kb2 Rg2 35. Nf3 Rf4 36. Rxh2 1-0

[Event "Late-Titled-Tuesday-Blitz-September-19-2023"]
[Site "Chess.com"]
[Date "2023.09.19"]
[Round "1"]
[White "PawnEatingZombie"]
[Black "Arteler"]
[Result "0-1"]
[WhiteElo "2201"]
[BlackElo "2539"]
[TimeControl "180+1"]
[EndTime "14:06:03 PDT"]
[Termination "Arteler won on time"]

1. e4 e6 2. d4 d5 3. e5 c5 4. c3 Qb6 5. Nf3 Nc6 6. Bd3 cxd4 7. cxd4 Bd7 8. O-O Nxd4 9. Nxd4 Qxd4 10. Re1 a6 11. Nc3 Ne7 12. Qe2 Nc6 13. Bg5 Qa7 14. Kh1 h6 15. Bh4 Bc5 16. f4 b5 17. f5 Nd4 18.
Qf1 b4 19. fxe6 Bxe6 20. Na4 Be7 21. Bxe7 Qxe7 22. Bxa6 O-O 23. b3 Nc2 24. Bd3 Nxe1 25. Rxe1 Qg5 26. Bb1 Rac8 27. Qd3 g6 28. Nb6 Rc1 29.
Qe2 Bg4 0-1